 Dungeon Crawl Stone Soup version 0.32-a0-886-g41c5271027 (webtiles) character file.

Game seed: 5199237428234621794

107 pokedragonboy the Changeling (level 4, 0/39 HPs)
             Began as a Naga Shapeshifter on Apr 2, 2024.
             Slain by Ijyb
             ... wielding a +1 dagger of venom
              (5 damage)
             ... on level 4 of the Dungeon.
             The game lasted 00:04:37 (2505 turns).

pokedragonboy the Changeling (Naga Shapeshifter)    Turns: 2505, Time: 00:04:38

Health: 0/39       AC:  5    Str: 19    XL:     4   Next: 85%
Magic:  4/4        EV: 10    Int: 10    God:
Gold:   115        SH:  5    Dex: 12    Spells: 3/3 levels left

rFire   + .          .
                       - Unarmed
rCold   . . .        (no shield)
rNeg    . . .        j - +0 chain mail
rPois   +            n - melded +2 hat
rElec   .            (cloak currently unavailable)
rCorr   .            (gloves currently unavailable)
SInv    +            (no barding)
Will    .....        o - amulet of reflection Stlth
                     s - ring "Omouk" {rF+ EV+5 Dex+2 Stlth-}
HPRegen 0.26/turn    (no ring)
MPRegen 0.09/turn

%: reflection
@: lethally poisoned (0 -> -6), short of breath, beast-form, very slow
A: beast (slay +2), AC +1, large, see invisible, deformed body, poison
resistance, slowness 2, spit poison 1, naga tail 1
a: Spit Poison, Begin Untransformation


You were on level 4 of the Dungeon.
You were a hulking beast.
You visited 1 branch of the dungeon, and saw 4 of its levels.

You collected 115 gold pieces.

Inventory:

Hand Weapons
 f - a +2 antimagic short sword
 h - a +1 dagger of venom
 q - a +0 war axe
Armour
 a - a +0 animal skin
 j - a +0 chain mail (worn)
 n - a +2 hat (melded)
Jewellery
 l - an amulet of the acrobat
 o - an amulet of reflection (around neck)
 r - an amulet of faith
 s - the ring "Omouk" (left hand) {rF+ EV+5 Dex+2 Stlth-}
   (You found it on level 3 of the Dungeon)

   [ring of evasion]

   EV+5:      It affects your evasion (+5).
   Dex+2:     It affects your dexterity (+2).
   rF+:       It protects you from fire.
   Stlth-:    It makes you less stealthy.
Talismans
 c - a beast talisman (active)
 d - a flux talisman
Wands
 t - a wand of charming (15)
Scrolls
 e - 2 scrolls of identify
 m - 2 scrolls of silence {unknown}
 p - 2 scrolls of poison {unknown}
 u - 2 scrolls of enchant weapon {unknown}
 w - a scroll of immolation {unknown}
 x - a scroll of revelation {unknown}
 y - a scroll of fear {unknown}
Potions
 b - a potion of lignification
 g - a potion of magic
 i - a potion of curing {unknown}
 k - a potion of brilliance {unknown}
 v - a potion of degeneration {unknown}


   Skills:
 + Level 2.0 Fighting
 + Level 2.2 Dodging
 + Level 3.6 Unarmed Combat
 * Level 3.9 Shapeshifting


You had 3 spell levels left.
You didn't know any spells.
Your spell library was empty.

Dungeon Overview and Level Annotations

Branches:
Dungeon (4/15)
 Temple: D:4-7

Altars:
Dithmenos
Wu Jian

Shops:
D:3 (

Annotations:
D:4 Ijyb


Innate Abilities, Weirdness & Mutations

You are a hulking beast.
Your limbs bulge with bestial killing power. (Slay +2)
Your serpentine skin is tough. (AC +1)
You have supernaturally acute eyesight. (SInv)
Armour fits poorly on your strangely shaped body.
Your system is resistant to poisons. (rPois)
You cover ground very slowly.
You can spit poison.
You have a snake-like lower body.


Message History

A quokka comes into view.
The quokka closely misses you.
You hit the quokka.
The quokka is lightly wounded.
The quokka barely misses you.
You hit the quokka.
The quokka is moderately wounded.
The quokka bites you but does no damage.
You punch the quokka!
You kill the quokka!
No target in view!
No target in view!
u - 2 scrolls labelled AXTYRGH DUJEAZ (gained 1) Ijyb the Inquisitive comes into view.
She is wielding a +1 dagger of venom and carrying a wand of mindburst.
Ijyb shouts!
You hit Ijyb but do no damage.
Ijyb zaps a wand.
Your mind is blasted!
You don't know any spells.
Okay, then.
Okay, then.
Aiming: Spit Poison (1% risk of failure)
Press: ? - help, Q - select action, (/) - cycle Shift-Dir - straight line, f - Ijyb
Aim: Ijyb, wielding a +1 dagger of venom, wearing a +0 scale mail and carrying a wand of mindburst (54% to hit)
The splash of poison hits Ijyb.
Ijyb is poisoned.
Ijyb is lightly wounded.
Ijyb zaps a wand.
Your mind is blasted!
* * * LOW HITPOINT WARNING * * *
Unknown command.
Okay, then.
You hit Ijyb but do no damage.
Ijyb is lightly wounded.
Ijyb hits you with a +1 dagger of venom.
* * * LOW HITPOINT WARNING * * *
You are lethally poisoned!
You hit Ijyb but do no damage.
Ijyb is moderately wounded.
* * * LOW HITPOINT WARNING * * *
You feel sick.
Ijyb hits you with a +1 dagger of venom.
You die...
Ijyb moans, "Good help so hard to find!"

############.....(.
#..<......§........
###########.#......
#....#§§§######
###§#§#§### #
#..§._§§..#
#.#.#.#†#.#...
#....#§§§#
####gh#§#......
###§§#######
........##
#########


You could see Ijyb (poisoned).

Vanquished Creatures
  3 adders
  A gnoll (D:1)
  A dart slug (D:2)
  An orc (D:3)
  3 ball pythons (D:1)
  5 bats
  4 endoplasms
  2 giant cockroaches
  10 goblins
  4 hobgoblins
  9 jackals
  4 quokkas
  5 frilled lizards
  3 kobolds (D:1)
  5 rats
60 creatures vanquished.

Notes
Turn   | Place    | Note
-------+----------+-------------------------------------------
     0 | D:1      | pokedragonboy the Naga Shapeshifter began the quest for the
                  | Orb.
     0 | D:1      | Reached XP level 1. HP: 18/18 MP: 1/1
    87 | D:1      | Reached XP level 2. HP: 19/25 MP: 2/2
   210 | D:1      | Reached XP level 3. HP: 22/31 MP: 0/3
  1412 | D:2      | Reached XP level 4. HP: 39/39 MP: 4/4
  1936 | D:3      | Found an ornate altar of the Wu Jian Council.
  1967 | D:3      | Identified the ring "Omouk" {rF+ EV+5 Dex+2 Stlth-}
  2327 | D:3      | Found Sonnas's Weapon Emporium.
  2486 | D:4      | Found a shadowy altar of Dithmenos.
  2500 | D:4      | Noticed Ijyb
  2505 | D:4      | Slain by Ijyb

Illustrated notes

Levels and vault maps discovered:
D:1:      kennysheep_arrival_seaside, layout_loops_ring, st_stairs_1,
          corexii_item_surrounded_by_moat, minmay_crystal_room,
          minmay_pentomino_p4
D:2:      layout_basic
D:3:      layout_rooms, mainiacjoe_overflow_boulevard, serial_shops,
          nicolae_shop_behind_doors
D:4:      layout_basic, grunt_dithmenos_smoke_and_mirrors,
          nicolae_qazlal_scattered_showers, mainiacjoe_overflow_catwalk,
          mainiacjoe_sewer_entry_somewhere_in_here_1, uniq_ijyb

Skill      XL: |  1  2  3  4 |
---------------+-------------+-----
Dodging        | 2 |  2.2
Fighting       | 2 |  2.0
Unarmed Combat | |  3.6
Shapeshifting  | |  3.9

Action                     |  1- 3 |  4- 6 || total
---------------------------+-------+-------++-------
  Melee: Unarmed           |   110 |    74 ||   184
         Punch             |     1 |       ||     1
Ability: Spit Poison       |     1 |     1 ||     2
    Use: Scroll            |       |     1 ||     1
 Armour: Animal skin       |    81 |       ||    81
         Chain mail        |     6 |    50 ||    56
  Dodge: Dodged            |    63 |    34 ||    97
  Block: Other             |       |     8 ||     8
         Form:             |     1 |       ||     1
         Beast             |     1 |       ||     1

Table legend: (Time is in decaauts)
 A = Elapsed time spent in this place.
 B = Non-inter-level travel time spent in this place.
 C = Inter-level travel time spent in this place.
 D = Time resting spent in this place.
 E = Time spent auto-exploring this place.
 F = Levels seen in this place.
 G = Mean time per level.
                   A        B        C        D        E       F      G
               +--------+--------+--------+--------+--------+-----+--------+
         Total |   3216 |   3117 |     99 |    124 |   2510 |   4 |  804.0 |
       Dungeon |   3216 |   3117 |     99 |    124 |   2510 |   4 |  804.0 |
               +--------+--------+--------+--------+--------+-----+--------+

Top non-repeatable levels by time:
     D:1: 1238 daAuts
     D:2: 1155 daAuts
     D:3: 786 daAuts
     D:4: 35 daAuts
